 Dungeon Crawl Stone Soup version 0.27.1-3-gb3d3a73c9e (webtiles) character file.

Game seed: 3808480869214581083

31 nxtlvl the Skirmisher (level 3, -3/39 HPs)
             Began as an Ogre Abyssal Knight on Oct 18, 2021.
             Was a Believer of Lugonu.
             Slain by a hobgoblin (4 damage)
             ... on level 1 of the Dungeon.
             The game lasted 00:05:03 (481 turns).

nxtlvl the Skirmisher (Ogre Abyssal Knight)          Turns: 481, Time: 00:05:03

Health: -3/39      AC:  3    Str: 16    XL:     3   Next: 22%
Magic:  4/4        EV:  9    Int: 14    God:    Lugonu [**....]
Gold:   82         SH:  0    Dex:  8    Spells: 2/2 levels left

rFire    . . .     SeeInvis .   a - +1 spear
rCold    . . .     Faith    .   (no shield)
rNeg     . . .     Spirit   .   b - +0 robe
rPois    .         Reflect  .   (helmet restricted)
rElec    .         Harm     .   (no cloak)
rCorr    .         Rampage  .   (gloves unavailable)
Will     .....                  (boots unavailable)
Stlth    +.........             (no amulet)
HPRegen  0.13/turn              (no ring)
MPRegen  0.09/turn              (no ring)

@: no status effects
A: large, unfitting armour, tough skin 1
a: Renounce Religion, Depart the Abyss, Bend Space


You were on level 1 of the Dungeon.
You worshipped Lugonu.
Lugonu was pleased with you.
You visited 1 branch of the dungeon, and saw 2 of its levels.
You visited the Abyss 1 time.

You collected 82 gold pieces.

Inventory:

Hand Weapons
 a - a +1 spear (weapon)
Armour
 b - a +0 robe (worn)
Magical Staves
 f - a staff of conjuration
Scrolls
 c - a scroll of enchant armour {unknown}
 d - a scroll of teleportation {unknown}
 e - a scroll of summoning {unknown}
Potions
 g - 2 potions of flight {unknown}
 h - a potion of curing {unknown}


   Skills:
 - Level 4.0 Fighting
 + Level 3.6 Polearms
 - Level 2.1 Dodging
 - Level 2.0 Invocations


You had 2 spell levels left.
You didn't know any spells.
Your spell library was empty.

Dungeon Overview and Level Annotations

Branches:
Dungeon (2/15)

Altars:


Innate Abilities, Weirdness & Mutations

You are too large for most types of armour.
You have tough skin. (AC +1)


Message History

* * * LOW HITPOINT WARNING * * *
You closely miss the hobgoblin.
The hobgoblin is almost dead.
The hobgoblin hits you.
* * * LOW HITPOINT WARNING * * *
You hit the hobgoblin.
You kill the hobgoblin!
Lugonu accepts your kill.
The jackal bites you but does no damage.
You hit the jackal but do no damage.
The jackal bites you but does no damage.
You hit the jackal.
The jackal is severely wounded.
The jackal bites you.
* * * LOW HITPOINT WARNING * * *
You hit the jackal but do no damage.
The jackal is severely wounded.
The jackal bites you but does no damage.
You miss the jackal.
The jackal is severely wounded.
The jackal closely misses you.
The jackal bites you but does no damage.
You hit the jackal.
You kill the jackal!
Lugonu accepts your kill.
You hit the jackal.
The jackal is almost dead.
The jackal closely misses you. The jackal bites you.
* * * LOW HITPOINT WARNING * * *
You hit the jackal.
You kill the jackal!
Lugonu accepts your kill.
You barely miss the hobgoblin.
The hobgoblin hits you but does no damage.
You barely miss the hobgoblin.
The hobgoblin hits you but does no damage.
You barely miss the hobgoblin. The hobgoblin hits you.
* * * LOW HITPOINT WARNING * * *
You barely miss the hobgoblin. The hobgoblin hits you.
You die...

######.....####..#..# ##.
###..[.#.....>.......# #..
>......#........#..>.#####.#
.......#....###.#..#..).##.#####.
)....................##..#.#.....
..........####.#†...K............
###....##...#..###..............w
####........#####....(.†####...
#..######..g@....[.....# ##
.....# #....######......#
.......##...##.# #......#
..........## #.# #####.######
.......## #.# ##†.....# .......#
#.# #####.......# .......# #.#
#...........# ... #K###########
.....K.!#


You could see a hobgoblin.

Vanquished Creatures
  A worm (D:2)
  3 dart slugs (D:1)
  A ball python (D:2)
  A goblin (D:2)
  A hobgoblin (D:1)
  4 jackals (D:1)
  2 quokkas (D:1)
  4 bats
  A frilled lizard (D:1)
  2 rats (D:1)
  A spectral kobold (D:2)
21 creatures vanquished.

Notes
Turn   | Place    | Note
-------+----------+-------------------------------------------
     0 | Abyss:1  | nxtlvl the Ogre Abyssal Knight began the quest for the Orb.
     0 | Abyss:1  | Reached XP level 1. HP: 24/24 MP: 2/2
    68 | D:1      | Escaped the Abyss
   174 | D:1      | Reached XP level 2. HP: 25/32 MP: 3/3
   311 | D:2      | Reached ** piety under Lugonu
   390 | D:2      | Found a faded altar of an unknown god.
   461 | D:1      | Reached XP level 3. HP: 13/39 MP: 4/4
   480 | D:1      | HP: 1/39 [hobgoblin (2)]
   481 | D:1      | Slain by a hobgoblin

Illustrated notes

Levels and vault maps discovered:
D:1:      lightli_arrival_maybe_door_vault, layout_rooms, bh_walls_and_bars
D:2:      layout_loops_ring, dreamdust_ecumenical_altar_drowned_temple,
          minmay_unequal

Skill      XL: |  1  2 |
---------------+-------+-----
Polearms       | 3 |  3.6
Fighting       | |  4.0
Dodging        | |  2.1
Invocations    | |  2.0

Action                   || total
-------------------------++-------
Melee: Spear             ||    94
Armor: Robe              ||    37
Dodge: Dodged            ||    33
